 Dungeon Crawl Stone Soup version 0.28-a0-1033-g1a2f33fa85 (webtiles) character file.

Game seed: 7785751413554855903

620 oldriver the Magician (level 7, -5/52 HPs)
             Began as a White Draconian Conjurer on Dec 7, 2021.
             Slain by a two-headed ogre (13 damage)
             ... on level 5 of the Dungeon.
             The game lasted 00:04:27 (5459 turns).

oldriver the Magician (White Draconian Conjurer)    Turns: 5459, Time: 00:04:27

Health: -5/52      AC:  6    Str:  9    XL:     7   Next: 22%
Magic:  5/17       EV: 12    Int: 21    God:
Gold:   80         SH:  0    Dex:  9    Spells: 9/20 levels left

rFire   . . .      SeeInvis .   f - +1 short sword (speed)
rCold   + . .      Faith    +   (no shield)
rNeg    . . .      Spirit   .   (armour unavailable)
rPois   .          Reflect  .   (helmet restricted)
rElec   .          Harm     .   (no cloak)
rCorr   .          Rampage  .   (no gloves)
Will    +....                   (no boots)
Stlth   ++........              a - amulet of faith
HPRegen 0.17/turn               b - ring of willpower
MPRegen 0.15/turn               d - ring of wizardry

@: no status effects
A: breathe frost, AC +6, unfitting armour, cold resistance 1, cold-blooded
a: Breathe Frost


You were on level 5 of the Dungeon.
You visited 1 branch of the dungeon, and saw 5 of its levels.

You collected 80 gold pieces.

Inventory:

Hand Weapons
 f - a +1 short sword of speed (weapon)
Jewellery
 a - an amulet of faith (around neck)
 b - a ring of willpower (left hand)
 d - a ring of wizardry (right hand)
Scrolls
 j - a scroll of noise {unknown}
 l - a scroll of teleportation
Potions
 c - 3 potions of might
 e - a potion of invisibility
 g - 2 potions of lignification
 h - a potion of heal wounds
 i - 2 potions of curing {unknown}
 k - a potion of ambrosia {unknown}
 m - a potion of mutation {unknown}


   Skills:
 + Level 1.3 Fighting
 + Level 1.7 Dodging
 + Level 1.7 Stealth
 * Level 7.3 Spellcasting
 * Level 4.0 Conjurations


You had 9 spell levels left.
You knew the following spells:

 Your Spells              Type           Power      Damage    Failure   Level
a - Magic Dart            Conj           96%        1d7       1%          1
b - Searing Ray           Conj           48%        2d6       1%          2
c - Iskenderun's Mystic   Conj/Tloc      16%        2d5       16%         4
d - Fulminant Prism       Conj/Hex       8%         3d7       16%         4

Your spell library contained the following spells:

 Spells                   Type           Power      Damage    Failure   Level
 Dazzling Flash           Conj/Hex       32%        N/A       4%          3


Dungeon Overview and Level Annotations

Branches:
Dungeon (5/15)
 Temple: D:4-7

Altars:

Annotations:
D:3 3 runed translucent doors, DarkBird's ghost, weakling MfGl


Innate Abilities, Weirdness & Mutations

You can breathe waves of freezing cold which knock back foes.
Your icy white scales are hard. (AC +6)
You cannot fit into any form of body armour.
Your flesh is cold resistant. (rC+)
You are cold-blooded and may be slowed by cold attacks.


Message History

(Press . to maintain the ray.)
The searing ray hits the two-headed ogre.
The two-headed ogre is moderately wounded.
The searing ray hits the two-headed ogre!
The two-headed ogre is moderately wounded.
The searing ray hits the two-headed ogre.
The two-headed ogre is heavily wounded.
You finish channelling your searing ray.
The two-headed ogre hits you with a +0 giant club!
The two-headed ogre barely misses you.
Casting: Searing Ray (safe; 1% risk of failure)
Confirm with . or Enter, or press ? or * to list all spells.
Aiming: Searing Ray (safe; 1% risk of failure)
Press: ? - help, Shift-Dir - straight line, f/p - two-headed ogre
Aim: a two-headed ogre, wielding two +0 giant clubs (heavily wounded, 90% to hit)
The searing ray hits the two-headed ogre.
The two-headed ogre is heavily wounded. (Press . to maintain the ray.)
The two-headed ogre barely misses you. x2
The searing ray misses the two-headed ogre.
The searing ray hits the two-headed ogre.
The two-headed ogre is heavily wounded.
The two-headed ogre barely misses you. The two-headed ogre closely misses you.
The searing ray hits the two-headed ogre.
The two-headed ogre is heavily wounded.
You finish channelling your searing ray.
The two-headed ogre hits you with a +0 giant club!
The two-headed ogre misses you.
Casting: Searing Ray (safe; 1% risk of failure)
Confirm with . or Enter, or press ? or * to list all spells.
Aiming: Searing Ray (safe; 1% risk of failure)
Press: ? - help, Shift-Dir - straight line, f/p - two-headed ogre
Aim: a two-headed ogre, wielding two +0 giant clubs (heavily wounded, 90% to hit)
The searing ray hits the two-headed ogre.
The two-headed ogre is severely wounded. (Press . to maintain the ray.)
The two-headed ogre hits you with a +0 giant club!
* * * LOW HITPOINT WARNING * * *
The two-headed ogre hits you with a +0 giant club!
You die...

#.#######.# ###<## #.#
.....# #.# ###..##
#.##############
#...#####..............#
#.......)....#########.#
#...########.#########.#####
#.##########.O.........(...#
....
.O........@........###.#
###.# #####.##############
#.# #. # #.# #. #.## ♣♣##..#
♣♣..#..# ♣♣......#
♣......#### ♣.♣...#.##..


You could see a two-headed ogre.

Vanquished Creatures
  Duvessa (D:5)
  An orc warrior (D:4)
  2 phantoms (D:4)
  Dowan (D:5)
  A bullfrog zombie (D:5)
  A howler monkey skeleton (D:4)
  11 adders
  A worm (D:2)
  4 dart slugs
  7 orcs
  11 ball pythons
  4 bats
  5 endoplasms
  A giant cockroach (D:1)
  6 goblins
  4 hobgoblins
  4 quokkas
  2 kobolds
  4 rats
  A spectral goblin (D:1)
72 creatures vanquished.

Vanquished Creatures (others)
  A jelly (D:5)
1 creature vanquished.

Grand Total: 73 creatures vanquished

Notes
Turn   | Place    | Note
-------+----------+-------------------------------------------
     0 | D:1      | oldriver the Draconian Conjurer began the quest for the
                  | Orb.
     0 | D:1      | Reached XP level 1. HP: 14/14 MP: 3/3
   510 | D:1      | Found a faded altar of an unknown god.
   609 | D:1      | Reached XP level 2. HP: 20/20 MP: 3/5
  1199 | D:2      | Reached skill level 3 in Spellcasting
  1308 | D:2      | Reached XP level 3. HP: 13/26 MP: 1/7
  2086 | D:3      | Found a runed translucent gate.
  2086 | D:3      | Found a runed translucent gate.
  2106 | D:3      | Found a runed translucent gate.
  2227 | D:3      | Reached skill level 4 in Spellcasting
  2227 | D:3      | Reached XP level 4. HP: 34/34 MP: 8/10
  2259 | D:3      | Noticed DarkBird's ghost (weakling MfGl)
  2773 | D:4      | Noticed an orc warrior
  3110 | D:3      | Learned a level 2 spell: Searing Ray
  3529 | D:4      | Noticed a phantom
  3536 | D:4      | Killed a phantom
  3537 | D:4      | Reached skill level 5 in Spellcasting
  3537 | D:4      | Reached XP level 5. HP: 39/39 MP: 2/12
  4495 | D:4      | Noticed a phantom
  4505 | D:4      | Killed a phantom
  4506 | D:4      | Reached skill level 6 in Spellcasting
  4506 | D:4      | Reached XP level 6. HP: 34/46 MP: 6/15
  4635 | D:4      | Killed an orc warrior
  4636 | D:4      | Reached skill level 1 in Fighting
  4980 | D:5      | Entered Level 5 of the Dungeon
  5070 | D:5      | Noticed Duvessa
  5070 | D:5      | Noticed Dowan
  5077 | D:5      | Noticed a two-headed ogre
  5086 | D:5      | Killed Duvessa
  5087 | D:5      | Reached skill level 7 in Spellcasting
  5087 | D:5      | Your scales start taking on an icy white colour.
  5087 | D:5      | Reached XP level 7. HP: 29/52 MP: 7/17
  5087 | D:5      | Gained mutation: Your flesh is cold resistant. (rC+) [White
                  | Draconian growth]
  5091 | D:5      | Killed Dowan
  5419 | D:5      | Learned a level 4 spell: Iskenderun's Mystic Blast
  5424 | D:5      | Learned a level 4 spell: Fulminant Prism
  5459 | D:5      | Slain by a two-headed ogre

Illustrated notes

Levels and vault maps discovered:
D:1:      erik_arrival_triangle_small, layout_loops_ring,
          dreamdust_ecumenical_altar_drowned_temple
D:2:      layout_basic, nicolae_elevator_lobby_plus
D:3:      layout_basic, gammafunk_ghost_icy
D:4:      layout_loops_corners, minmay_snake_closets
D:5:      layout_loops_ring, slow_altar_1, nicolae_ru_path_of_blood,
          uniq_crazy_yiuf_cottage, uniq_duvessa

Skill      XL: |  1  2  3  4  5  6 |
---------------+-------------------+-----
Spellcasting   | 3 4 5 6 7 |  7.3
Fighting       | 1 |  1.3
Dodging        | |  1.7
Stealth        | |  1.7
Conjurations   | |  4.0

Action                   |  1- 3 |  4- 6 |  7- 9 || total
-------------------------+-------+-------+-------++-------
Melee: Unarmed           |    10 |       |       ||    10
       Tailslap          |     1 |     2 |       ||     3
       Short sword       |       |     9 |       ||     9
 Cast: Magic Dart        |    74 |   107 |     1 ||   182
       Searing Ray       |       |     9 |     5 ||    14
  Use: Scroll            |       |     3 |     3 ||     6
       Potion            |       |       |     1 ||     1
Armor: Skin              |     1 |    11 |     1 ||    13
Dodge: Dodged            |    10 |    21 |     9 ||    40

Table legend: (Time is in decaauts)
 A = Elapsed time spent in this place.
 B = Non-inter-level travel time spent in this place.
 C = Inter-level travel time spent in this place.
 D = Time resting spent in this place.
 E = Time spent auto-exploring this place.
 F = Levels seen in this place.
 G = Mean time per level.
                   A        B        C        D        E       F      G
               +--------+--------+--------+--------+--------+-----+--------+
         Total |   5461 |   5133 |    328 |   1489 |   3116 |   5 | 1092.2 |
       Dungeon |   5461 |   5133 |    328 |   1489 |   3116 |   5 | 1092.2 |
               +--------+--------+--------+--------+--------+-----+--------+

Top non-repeatable levels by time:
     D:4: 2046 daAuts
     D:3: 1290 daAuts
     D:1: 1187 daAuts
     D:2: 735 daAuts
     D:5: 201 daAuts
